 Dungeon Crawl Stone Soup version 0.30.0-29-ga12c61a403 (webtiles) character file.

Game seed: 12153689494324253605

23158 wingedge the Summoner (level 12, -6/96 HPs)
             Began as a Demigod Wanderer on June 25, 2023.
             Mangled by a cane toad (9 damage)
             ... on level 2 of the Lair of Beasts.
             The game lasted 01:00:28 (18767 turns).

wingedge the Summoner (Demigod Wanderer)           Turns: 18767, Time: 01:00:28

Health: -6/96      AC: 18    Str: 15    XL:     12   Next: 36%
Magic:  2/27       EV: 19    Int: 33    God:
Gold:   961        SH:  0    Dex: 11    Spells: 2/26 levels left

rFire   + + .        y - +9 dagger "Soxtofak" {holy, rPois rF+ rCorr Str+3}
rCold   + + .        (no shield)
rNeg    . . .        I - +2 robe {Archmagi}
rPois   +            (no helmet)
rElec   +            G - scarf {rC+ rF+}
rCorr   +            e - +2 pair of gloves
SInv    +            T - +0 pair of boots
Will    +....        (no amulet)
Stlth   ++           b - ring "Domm" {rElec rC+ Slay+3 SInv}
HPRegen 0.36/turn    u - +5 ring of evasion
MPRegen 0.20/turn

%: archmagi
@: ice-armoured
A: high MP 1, forlorn, divine attributes
a: no special abilities


You were on level 2 of the Lair of Beasts.
You visited 2 branches of the dungeon, and saw 12 of its levels.
You also visited: Sewer.

You collected 961 gold pieces.

Inventory:

Hand Weapons
 a - a +3 flail of protection
 h - a +0 shortbow
 y - the +9 dagger "Soxtofak" (weapon) {holy, rPois rF+ rCorr Str+3}
   (You found it on level 7 of the Dungeon)

   Str:       It affects your strength (+3).
   rF:        It protects you from fire.
   rPois:     It protects you from poison.
   rCorr:     It protects you from acid and corrosion.
 Q - a +2 dagger of venom
 W - a +3 morningstar of protection
Missiles
 V - a curare-tipped dart
Armour
 e - a +2 pair of gloves (worn)
 G - a scarf of resistance (worn)
 I - a +2 robe of the Archmagi (worn)
 N - a +2 cloak of poison resistance
 T - a +0 pair of boots (worn)
Jewellery
 b - the ring "Domm" (left hand) {rElec rC+ Slay+3 SInv}
   (You took it off a centaur warrior on level 10 of the Dungeon)

   [ring of see invisible]

   Slay:      It affects your accuracy & damage with ranged weapons and melee
   (+3).
   rC:        It protects you from cold.
   rElec:     It insulates you from electricity.
   SInv:      It lets you see invisible.
 p - a ring of poison resistance
 r - a ring of ice
 s - a ring of see invisible
 u - a +5 ring of evasion (right hand)
 x - a +6 ring of dexterity
 R - a ring of protection from fire
Wands
 c - a wand of charming (7) (quivered)
 d - a wand of polymorph (6)
 M - a wand of iceblast (9)
 O - a wand of digging (7)
 U - a wand of flame (10)
Scrolls
 f - 2 scrolls of enchant armour
 g - 4 scrolls of vulnerability
 i - 2 scrolls of silence
 m - 2 scrolls of magic mapping {unknown}
 n - 3 scrolls of fog
 o - 7 scrolls of teleportation
 q - 4 scrolls of fear
 t - a scroll of blinking
 w - 2 scrolls of poison
 D - 3 scrolls of enchant weapon {unknown}
 E - 4 scrolls of amnesia {unknown}
 F - 4 scrolls of immolation
 S - 3 scrolls of noise {unknown}
Potions
 j - 2 potions of brilliance
 k - a potion of cancellation
 l - 2 potions of heal wounds
 v - 3 potions of mutation
 z - 5 potions of lignification
 A - 7 potions of flight
 B - a potion of haste {unknown}
 C - 2 potions of ambrosia
 H - 2 potions of might
 J - a potion of attraction {unknown}
 K - 3 potions of magic {unknown}
 L - 5 potions of curing
 P - 2 potions of berserk rage


   Skills:
 + Level 6.2 Fighting
 - Level 3.0 Armour
 + Level 6.3 Dodging
 - Level 3.0 Stealth
 + Level 7.7 Spellcasting
 + Level 4.4 Conjurations
 + Level 9.8 Summonings
 - Level 7.0 Translocations
 + Level 2.9 Transmutations
 - Level 6.0 Ice Magic
 - Level 5.0 Air Magic
 - Level 3.0 Poison Magic
 - Level 1.0 Evocations


You had 2 spell levels left.
You knew the following spells:

 Your Spells              Type           Power      Damage    Failure   Level
a - Summon Small Mammal   Summ           100%       N/A       1%          1
b - Call Imp              Summ           100%       N/A       1%          2
c - Poisonous Vapours     Pois/Air       100%       N/A       1%          2
d - Static Discharge      Conj/Air       100%       2-7/arc   1%          2
e - Summon Ice Beast      Ice/Summ       78%        N/A       1%          4
f - Summon Forest         Summ/Tloc      40%        N/A       3%          5
g - Ozocubu's Armour      Ice            68%        N/A       1%          3
h - Irradiate             Conj/Tmut      27%        3d20      22%         5

Your spell library contained the following spells:

 Spells                   Type           Power      Damage    Failure   Level
 Apportation              Tloc           100%       N/A       1%          1
 Lesser Beckoning         Tloc           100%       N/A       1%          2
 Necrotise                Necr           76%        1d7       3%          1
 Gell's Gravitas          Tloc           73%        N/A       1%          3
 Teleport Other           Tloc           73%        N/A       1%          3
 Portal Projectile        Hex/Tloc       100%       N/A       2%          3
 Dazzling Flash           Conj/Hex       82%        N/A       4%          3
 Tukima's Dance           Hex            19%        N/A       11%         3
 Vampiric Draining        Necr           19%        2d7       11%         3
 Metabolic Englaciation   Hex/Ice        24%        N/A       28%         5
 Blade Hands              Tmut           24%        N/A       30%         5
 Silence                  Hex/Air        21%        N/A       34%         5
 Summon Hydra             Summ           43%        N/A       47%         7
 Agony                    Necr           19%        N/A       69%         5
 Simulacrum               Ice/Necr       24%        N/A       85%         6
 Eringya's Noxious Bog    Tmut/Pois      24%        N/A       86%         6
 Dragon Form              Tmut           24%        N/A       100%        7


Dungeon Overview and Level Annotations

Branches:
Dungeon (10/15)            Temple (0/1) D:4            Lair (2/5) D:10
    Orc (0/2) D:9           Sewer (visited)
  Swamp: Lair:2-3    Shoals: Lair:2-3     Snake: Lair:2-3    Spider: Lair:2-3

Portals:
Trove: D:10 (show abyssal rune of Zot)


Innate Abilities, Weirdness & Mutations

You have an increased reservoir of magic. (+10% MP)
You shall have no god before yourself.
Your divine heritage dramatically boosts your attributes as you level up.


Message History

Casting: Static Discharge (safe; 1% risk of failure)
Confirm with . or Enter, or press ? or * to list all spells.
You feel a surge of power!
The cane toad is struck by an arc of lightning.
The cane toad is heavily wounded.
You resist.
You are struck by an arc of lightning.
The cane toad is struck by an arc of lightning.
The cane toad is severely wounded.
You resist.
You are struck by an arc of lightning.
* * * LOW HITPOINT WARNING * * *
The cane toad is struck by an arc of lightning.
The cane toad is almost dead.
The lightning grounds out.
The cane toad is struck by an arc of lightning!
The cane toad is severely wounded.
You resist.
You are struck by an arc of lightning.
* * * LOW HITPOINT WARNING * * *
The cane toad is struck by an arc of lightning!
You kill the cane toad!
The lightning grounds out.
The cane toad misses you.
Casting: Static Discharge (safe; 1% risk of failure)
Confirm with . or Enter, or press ? or * to list all spells.
You feel a surge of power!
The cane toad is struck by an arc of lightning.
The cane toad is severely wounded.
You resist.
You are struck by an arc of lightning.
The cane toad stings you.
* * * LOW HITPOINT WARNING * * *
Casting: Static Discharge (safe; 1% risk of failure)
Confirm with . or Enter, or press ? or * to list all spells.
You feel a surge of power!
The cane toad is struck by an arc of lightning.
The cane toad is almost dead.
You resist.
You are struck by an arc of lightning.
* * * LOW HITPOINT WARNING * * *
The cane toad is struck by an arc of lightning!
The cane toad is almost dead.
You resist.
You are struck by an arc of lightning.
* * * LOW HITPOINT WARNING * * *
The lightning grounds out.
The cane toad misses you. The cane toad stings you!
You die...

...................#..#.....###.#
............................##...
...................#.........#...
###############....#...#.........
.F♣♣ ♣♣.♣♣#........#....#....
.♣.♣♣ ♣♣♣♣.♣.♣#....#.###.....####
.♣♣.♣♣♣..F♣♣♣.....##.###.......##
.♣♣♣.♣.♣♣♣.♣.♣#†F................
F♣ ♣♣.♣♣ ♣♣.♣♣#.@................
.♣ ### ### #.................. F♣
#.................. S♣♣♣♣♣♣
#.................. .F†§..♣
#.................. ......♣
#...............#.# ###F..♣
#...#.##..#.....##. .l.#..♣
#...##.#.#.......#. FFF#..♣
#....#...##.....##.


You could see a cane toad.

Vanquished Creatures
  A centaur warrior (D:10)
  Erica (D:8)
  A death knight (D:10)
  A boulder beetle (D:10)
  A tengu warrior (D:10)
  Maurice (D:8)
  3 cane toads (Lair:2)
  Maggie (Lair:2)
  2 hornets
  A yak (Lair:2)
  A basilisk (Lair:1)
  A vampire mosquito (D:10)
  Duvessa (D:4)
  Edmund (D:5)
  3 orc warriors
  3 water moccasins (Lair:2)
  2 black bears
  3 ogres
  A centaur (D:9)
  7 wolves
  2 kobold brigands
  3 bullfrogs
  A gnoll sergeant (D:8)
  A scorpion (D:6)
  Dowan (D:4)
  3 wights (D:6)
  2 killer bees (D:7)
  A howler monkey (D:8)
  2 hounds
  4 orc priests
  2 orc wizards
  5 gnolls
  7 adders
  3 river rats (Sewer)
  A white imp (D:4)
  3 ufetubi (D:5)
  A worm (Sewer)
  14 orcs
  3 ball pythons
  2 endoplasms
  3 giant cockroaches
  5 goblins
  2 jackals (Sewer)
  13 kobolds
  3 quokkas
  6 bats
  A frilled lizard (Sewer)
130 creatures vanquished.

Vanquished Creatures (collateral kills)
  A boulder beetle (D:10)
  A centaur warrior (D:10)
  2 two-headed ogres (D:10)
  Amaemon (Lair:2)
  A cyclops (D:10)
  An orange demon (Lair:2)
  A gargoyle (D:8)
  5 cane toads
  An unseen horror (D:9)
  A yaktaur (D:10)
  2 kobold demonologists (D:10)
  3 komodo dragons (Lair:2)
  A troll (D:9)
  4 blink frogs (Lair:1)
  Grinder (D:5)
  3 slime creatures (D:10)
  A vampire (D:9)
  18 yaks
  A wraith (D:10)
  Grum (D:8)
  A basilisk (Lair:2)
  A vampire mosquito (D:10)
  4 water moccasins
  3 orc warriors
  A swamp drake (D:9)
  A sky beast (D:8)
  2 ogres (D:6)
  6 wolves
  3 centaurs
  A phantom (D:5)
  A kobold brigand (D:10)
  4 bullfrogs
  A scorpion (D:6)
  A killer bee (D:7)
  3 howler monkeys
  4 orc priests
  2 hounds
  Crazy Yiuf (D:5)
  A sleepcap (D:5)
  Ijyb (D:5)
  3 iguanas
  2 orc wizards
  3 gnolls (D:6)
  A river rat (Sewer)
  4 adders
  3 white imps
  An ufetubus (D:5)
  4 worms
  A dart slug (D:1)
  16 orcs
  4 ball pythons
  5 giant cockroaches
  8 goblins
  3 hobgoblins (D:3)
  4 jackals (D:2)
  9 kobolds
  5 quokkas
  5 bats
  7 frilled lizards
  4 rats
184 creatures vanquished.

Grand Total: 314 creatures vanquished

Notes
Turn   | Place    | Note
-------+----------+-------------------------------------------
     0 | D:1      | wingedge the Demigod Wanderer began the quest for the Orb.
     0 | D:1      | wingedge set off with the following items: a +0 club, a
                  | scroll of fear, a +0 robe, a wand of polymorph (6); and the
                  | following spell memorised: Summon Small Mammal; and the
                  | following spells available to memorise: Call Imp, Poisonous
                  | Vapours, Static Discharge, Summon Ice Beast.
     0 | D:1      | Reached XP level 1. HP: 14/14 MP: 4/4
   428 | D:1      | Reached XP level 2. HP: 22/22 MP: 3/6
   431 | D:1      | Learned a level 2 spell: Call Imp
  1470 | D:2      | Reached XP level 3. HP: 27/27 MP: 3/7
  2061 | D:2      | Learned a level 2 spell: Poisonous Vapours
  2405 | D:3      | Reached skill level 1 in Fighting
  2534 | D:3      | Reached skill level 1 in Poison Magic
  3214 | D:3      | Noticed an ogre
  3220 | D:3      | Reached XP level 4. HP: 35/35 MP: 6/9
  3245 | D:3      | Killed an ogre
  3246 | D:3      | Reached skill level 1 in Conjurations
  3246 | D:3      | Reached XP level 5. HP: 40/40 MP: 1/11
  3537 | D:3      | Learned a level 2 spell: Static Discharge
  3609 | D:4      | Noticed a black bear
  3646 | D:4      | Identified a scroll of acquirement
  3647 | D:4      | Acquired the scarf of the Harp {shadows, MP+9}
  3670 | D:4      | Found a staircase to the Ecumenical Temple.
  3724 | D:4      | Noticed Duvessa
  3725 | D:4      | Noticed Dowan
  3741 | D:4      | Killed Duvessa
  3742 | D:4      | Reached skill level 5 in Summonings
  3746 | D:4      | Killed Dowan
  3747 | D:4      | Reached XP level 6. HP: 33/47 MP: 1/13
  3814 | D:4      | Found a glowing drain.
  3853 | Sewer    | Entered a sewer
  4011 | Sewer    | Learned a level 4 spell: Summon Ice Beast
  5123 | D:4      | Reached skill level 1 in Ice Magic
  5350 | D:4      | Reached XP level 7. HP: 52/52 MP: 3/15
  6084 | D:5      | Entered Level 5 of the Dungeon
  6236 | D:5      | Reached skill level 1 in Stealth
  6751 | D:5      | Noticed Edmund
  6779 | D:5      | Killed Edmund
  6780 | D:5      | Reached XP level 8. HP: 61/61 MP: 2/17
  7012 | D:5      | Noticed Grinder
  7034 | D:5      | Killed Grinder
  7035 | D:5      | Reached skill level 5 in Air Magic
  7198 | D:5      | Noticed Ijyb
  7207 | D:5      | Killed Ijyb
  7550 | D:5      | Found a runed translucent door.
  7551 | D:5      | Noticed Crazy Yiuf
  7561 | D:5      | Killed Crazy Yiuf
  8341 | D:6      | Reached skill level 5 in Spellcasting
  8436 | D:6      | Noticed a hornet
  8447 | D:6      | Killed a hornet
  9216 | D:7      | Reached XP level 9. HP: 64/69 MP: 17/20
  9773 | D:7      | Identified the +9 dagger "Soxtofak" {holy, rPois rF+ rCorr
                  | Str+3}
 10073 | D:8      | Reached skill level 5 in Ice Magic
 10121 | D:8      | Noticed Grum
 10137 | D:8      | Killed Grum
 10138 | D:8      | Reached skill level 6 in Summonings
 10235 | D:8      | Noticed Erica
 10326 | D:8      | Noticed Maurice
 10338 | D:8      | Killed Maurice
 10597 | D:8      | Killed Erica
 10598 | D:8      | Reached skill level 1 in Translocations
 10689 | D:7      | Learned a level 5 spell: Summon Forest
 10894 | D:8      | Learned a level 3 spell: Ozocubu's Armour
 10970 | D:8      | Noticed a gargoyle
 11177 | D:8      | Reached XP level 10. HP: 33/78 MP: 7/23
 11713 | D:8      | Reached skill level 1 in Armour
 13221 | D:9      | Found a staircase to the Orcish Mines.
 13555 | D:9      | Identified the +8 mace of the Whale {drain, Drain Dex+6}
 13764 | D:9      | Reached skill level 7 in Summonings
 13767 | D:9      | Reached skill level 5 in Fighting
 13944 | D:10     | Entered Level 10 of the Dungeon
 13963 | D:10     | Noticed a boulder beetle
 13963 | D:10     | Noticed a centaur warrior
 13963 | D:10     | Noticed a manticore
 13963 | D:10     | Found the +1 robe of Vines {NoPotionHeal Regen++++}
 13988 | D:10     | Found a staircase to the Lair.
 14075 | D:10     | Noticed a two-headed ogre
 14087 | D:10     | Killed a two-headed ogre
 14170 | D:10     | Reached skill level 5 in Dodging
 14212 | D:10     | Reached skill level 5 in Translocations
 14349 | D:10     | Noticed a two-headed ogre
 14366 | D:10     | Killed a two-headed ogre
 14367 | D:10     | Reached XP level 11. HP: 86/86 MP: 4/25
 14683 | D:10     | Noticed a boulder beetle
 14691 | D:10     | Noticed a boulder beetle
 14702 | D:10     | Killed a boulder beetle
 14702 | D:10     | Killed a boulder beetle
 14775 | D:10     | Noticed a tengu warrior
 14784 | D:10     | Killed a tengu warrior
 14863 | D:10     | Noticed a centaur warrior
 14874 | D:10     | Noticed a death knight
 14876 | D:10     | Identified the +5 falchion of Koejiq {pain, Dex+2 Stlth+}
 14919 | D:10     | Killed a death knight
 14920 | D:10     | Reached skill level 8 in Summonings
 15305 | D:10     | Identified the ring "Domm" {rElec rC+ Slay+3 SInv}
 15323 | D:10     | Killed a centaur warrior
 15399 | D:10     | Reached skill level 9 in Summonings
 15511 | D:10     | Noticed a centaur warrior
 15519 | D:10     | Killed a centaur warrior
 15875 | D:10     | Noticed a centaur warrior
 15875 | D:10     | Noticed an orc knight
 15875 | D:10     | Noticed a death knight
 15995 | D:10     | Found a portal to a secret trove of treasure.
 16382 | Lair:1   | Entered Level 1 of the Lair of Beasts
 17809 | Lair:2   | Reached skill level 1 in Transmutations
 18075 | Lair:2   | Reached XP level 12. HP: 80/95 MP: 18/27
 18160 | Lair:2   | Learned a level 5 spell: Irradiate
 18335 | Lair:2   | Noticed Amaemon
 18346 | Lair:2   | Killed Amaemon
 18352 | Lair:2   | Noticed Maggie
 18361 | Lair:2   | Killed Maggie
 18766 | Lair:2   | HP: 4/96 [cane toad (6)]
 18767 | Lair:2   | Mangled by a cane toad

Illustrated notes

Levels and vault maps discovered:
D:1:      dpeg_arrival_arbitrary_b, layout_basic
D:2:      layout_basic
D:3:      layout_rooms, lemuel_coloured_pillars_altar, minmay_goblin_outpost
D:4:      layout_cave_pods, minmay_temple_entry_stoned_glass,
          gup_sewer_entry_glass, uniq_duvessa
D:5:      layout_cave_pools, nemelex_diamond_rough_becter,
          kennysheep_minor_cross, uniq_edmund, uniq_ijyb,
          uniq_crazy_yiuf_cottage, uniq_grinder
D:6:      layout_basic, corexii_corridor_pit
D:7:      layout_loops_ring, nicolae_ashenzari_panopticon,
          nicolae_uskayaw_dance_hall
D:8:      layout_layer_cave, makhleb_blood_cavern_becter, uniq_maurice,
          uniq_grum, uniq_erica
D:9:      layout_loops_cross, nicolae_wu_jian_glorious_leap, erik_orc_1
D:10:     hangedman_cross_veins, layout_loops_ring, mainiacjoe_overflow_catwalk,
          lemuel_tele_altar, lair_entry_dummy, serial_rivers,
          chequers_serial_rivers_micro_e, chequers_serial_rivers_marsh,
          chequers_serial_rivers_micro_b, chequers_serial_rivers_large_a,
          nicolae_trove_entry_isolated, hangedman_abyss_or_decor_stagger,
          minivault_12
Lair:1:   layout_cave_pods, chequers_serial_rivers_micro_b, grunt_megastairs_3
Lair:2:   nzn_winding_woodlands_large [nzn_winding_woodlands_5x5_perimeter,
          nzn_winding_woodlands_5x15_eye, nzn_winding_woodlands_hourglass,
          nzn_winding_woodlands_center_garden,
          nzn_winding_woodlands_15x15_killbox,
          nzn_winding_woodlands_center_diamonds,
          nzn_winding_woodlands_5x5_closed_star,
          nzn_winding_woodlands_5x15_sawtooth,
          nzn_winding_woodlands_5x5_checkerboard], layout_regular_city,
          nicolae_shoals_entry_roost, uniq_amaemon, uniq_maggie

Skill      XL: |  1  2  3  4  5  6  7  8  9 10 11 12 |
---------------+-------------------------------------+-----
Air Magic      | 2 3 4 5 |  5.0
Fighting       | 1 2 3 4 5 6 |  6.2
Poison Magic   | 1 2 3 |  3.0
Spellcasting   | 2 3 4 5 6 7 |  7.7
Conjurations   | 1 2 3 4 |  4.4
Summonings     | 5 6 7 9 |  9.8
Ice Magic      | 1 2 4 6 |  6.0
Stealth        | 1 3 |  3.0
Dodging        | 2 3 5 6 |  6.3
Translocations | 1 5 7 |  7.0
Armour         | 2 3 |  3.0
Transmutations | 1 2 |  2.9
Evocations     | |  1.0

Action                     |  1- 3 |  4- 6 |  7- 9 | 10-12 || total
---------------------------+-------+-------+-------+-------++-------
  Melee: Club              |    25 |       |       |       ||    25
         Quarterstaff      |    11 |     2 |       |       ||    13
         Dagger            |       |    81 |    81 |    56 ||   218
         Punch             |       |     1 |     3 |       ||     4
         Flail             |       |       |    30 |     6 ||    36
         Halberd           |       |       |     6 |       ||     6
         Scimitar          |       |       |       |     3 ||     3
   Cast: Summon Small Mamm |    68 |    20 |    17 |     4 ||   109
         Call Imp          |    23 |    12 |    19 |    11 ||    65
         Poisonous Vapours |    11 |    58 |   120 |    78 ||   267
         Static Discharge  |       |     2 |     2 |    23 ||    27
         Summon Ice Beast  |       |       |    33 |    48 ||    81
         Ozocubu's Armour  |       |       |     4 |    31 ||    35
         Summon Forest     |       |       |       |    28 ||    28
  Evoke: Wand              |       |       |       |     1 ||     1
    Use: Scroll            |     3 |     3 |    10 |     8 ||    24
         Potion            |       |       |       |     6 ||     6
   Stab: Distracted        |       |     3 |     3 |     1 ||     7
 Armour: Robe              |    25 |    17 |    20 |    48 ||   110
  Dodge: Dodged            |    52 |    95 |   131 |   165 ||   443
